Map: Neon Violet Square LE

Players

axu - Winner!

  • Race: Protoss Protoss
  • League: Platinum
  • Spawn Location: 11:00

Eijolend

  • Race: Protoss Protoss
  • League: Platinum
  • Spawn Location: 5:00

VOD

Have the link to the VOD?

Description

Time

  • Played on: March 7, 2018, 2:48 p.m.
  • Length: 12:51
Show
View Real Time Build Order
Export as new Build Order

axu Protoss - Winner!

Build Orders:  

Get SALT Encoding   

  12  0:01  Probe  
  13  0:13  Probe  
  14  0:20  Pylon  
  14  0:26  Probe  
  15  0:38  Probe  
  15  0:41  Gateway  
  16  0:50  Probe (Chrono Boost)  
  16  0:51  Assimilator  
  16  0:55  Assimilator  
  17  1:02  Probe (Chrono Boost)  
  18  1:13  Gateway  
  18  1:17  Probe  
  19  1:29  Probe (Chrono Boost)  
  20  1:41  Cybernetics Core, Probe (Chrono Boost)  
  21  1:48  Probe (Chrono Boost)  
  22  2:09  Probe  
  22  2:15  Warp Gate (Chrono Boost)  
  23  2:16  Pylon  
  23  2:37  Adept x2  
  27  2:55  Gateway x2  
  27  3:06  Twilight Council  
  27  3:08  Pylon  
  27  3:24  Stalker x2, Pylon  
  31  3:29  Pylon  
  29  4:07  Gateway  
  29  4:09  Stalker x3  
  33  4:10  Stalker  
  35  4:34  Pylon  
  35  4:36  Stalker x4  
  43  4:38  Pylon  
  39  5:10  Stalker x4  
  33  5:43  Stalker x4  
  35  6:10  Stalker x3  
  35  6:29  Stalker  
  35  6:30  Stalker  
  39  6:43  Stalker  
  41  6:55  Stalker  
  41  6:56  Stalker  
  45  7:15  Nexus  
  45  7:33  Robotics Facility, Probe  
  46  7:46  Probe (Chrono Boost)  
  47  7:51  Blink  
  47  7:56  Probe (Chrono Boost)  
  48  8:01  Probe (Chrono Boost)  
  48  8:02  Pylon  
  49  8:21  Observer, Probe  
  51  8:28  Forge  
  51  8:33  Probe x2  
  53  8:45  Probe (Chrono Boost)  
  53  8:46  Sentry x2, Probe (Chrono Boost)  
  58  8:57  Probe (Chrono Boost)  
  58  8:58  Protoss Ground Weapons Level 1 (Chrono Boost), Probe (Chrono Boost)  
  60  9:04  Probe (Chrono Boost)  
  60  9:07  Shield Battery, Probe (Chrono Boost)  
  62  9:10  Shield Battery  
  62  9:12  Probe  
  63  9:20  Immortal  
  67  9:25  Assimilator  
  67  9:29  Probe  
  67  9:30  Assimilator  
  67  9:31  Probe  
  69  9:41  Probe  
  69  9:43  Probe  
  71  9:53  Probe  
  71  9:55  Probe  
  71  9:59  Immortal  
  77  10:04  Pylon  
  77  10:05  Probe  
  78  10:07  Pylon  
  78  10:17  Stalker x2  
  78  10:19  Stalker  
  84  10:25  Probe  
  85  10:29  Stalker  
  87  10:36  Pylon  
  87  10:41  Immortal  
  81  11:05  Stalker x2  
  79  11:21  Immortal  
  83  11:27  Stalker x2  
  85  12:00  Immortal  
Show
View Real Time Build Order
Export as new Build Order

Eijolend Protoss 

Build Orders: 1 Gate Expand 

Get SALT Encoding   

  12  0:01  Probe  
  13  0:13  Probe  
  14  0:19  Pylon  
  14  0:27  Probe  
  15  0:39  Gateway, Probe (Chrono Boost)  
  16  0:49  Assimilator  
  17  0:51  Probe (Chrono Boost)  
  17  0:56  Probe (Chrono Boost)  
  18  1:05  Probe  
  19  1:17  Probe  
  20  1:32  Nexus  
  20  1:42  Cybernetics Core  
  20  1:52  Probe (Chrono Boost)  
  21  1:55  Assimilator  
  21  2:01  Pylon  
  21  2:05  Probe (Chrono Boost)  
  22  2:13  Warp Gate (Chrono Boost)  
  22  2:18  Gateway  
  22  2:24  Stalker  
  24  2:33  Probe  
  25  2:45  Probe  
  26  2:56  Stalker  
  26  2:58  Probe  
  29  3:07  Probe (Chrono Boost)  
  29  3:10  Adept  
  33  3:16  Probe (Chrono Boost)  
  33  3:19  Probe (Chrono Boost)  
  34  3:30  Probe (Chrono Boost)  
  34  3:31  Probe  
  36  3:38  Forge  
  36  3:40  Pylon  
  28  4:05  Probe x2  
  30  4:15  Gateway  
  30  4:16  Photon Cannon  
  30  4:17  Gateway  
  30  4:19  Stalker x2  
  34  4:34  Probe x2  
  36  4:40  Protoss Ground Weapons Level 1 (Chrono Boost)  
  36  4:43  Sentry x2  
  40  4:46  Probe  
  40  4:47  Probe  
  38  5:07  Stalker x2  
  33  5:21  Stalker  
  33  5:22  Stalker  
  35  5:29  Probe  
  35  5:34  Pylon  
  32  5:35  Stalker  
  32  5:36  Stalker  
  32  5:49  Stalker x2, Photon Cannon  
  34  5:58  Pylon  
  34  6:00  Stalker  
  34  6:02  Sentry  
  34  6:13  Probe x2  
  34  6:20  Stalker  
  34  6:24  Zealot  
  34  6:38  Zealot x2  
  36  6:48  Stalker x2  
  40  7:04  Pylon  
  40  7:06  Pylon  
  40  7:12  Pylon  
  40  7:20  Pylon  
  40  7:26  Stalker x2  
  40  7:27  Stalker  
  46  7:35  Stalker  
  48  7:51  Stalker  
  50  7:52  Stalker  
  52  7:59  Stalker  
  52  8:04  Adept  
  56  8:19  Stalker x2  
  60  9:05  Nexus  
  60  9:07  Pylon  
  60  9:09  Pylon  
  60  9:10  Twilight Council  
  59  9:26  Stalker  
  59  9:27  Sentry x2  
  65  9:32  Probe  
  66  10:11  Assimilator  
  66  10:13  Pylon  
  66  10:21  Stalker x2  
  68  10:23  Sentry  
  72  10:43  Stalker  
  72  10:46  Probe  
  72  10:47  Probe  
  58  11:09  Stalker x4  
  36  11:20  Stalker x3  
  41  11:32  Robotics Facility  
  41  11:33  Stalker  
Tags
 
Add a new tag
Caveats
  • Supply blocks, unpowered buildings, or Contaminate may cause inaccurate times.
  • Supply counts are checked every 10 seconds.